 Dungeon Crawl Stone Soup version 0.15.2 (webtiles) character file.

31940 Greenblue the Black Belt (level 13, 0/105 HPs)
             Began as a Red Draconian Transmuter on Dec 15, 2014.
             Was a Believer of Ashenzari.
             Slain by a seven-headed hydra (8 damage)
             ... on Level 6 of the Lair of Beasts on Dec 16, 2014.
             The game lasted 01:36:28 (25495 turns).

Greenblue the Black Belt (DrTm)                    Turns: 25495, Time: 01:36:28

HP   0/105       AC 13     Str 16      XL: 13   Next: 28%
MP  23/23        EV 15     Int 16      God: Ashenzari [**....]
Gold 714         SH  0     Dex 14      Spells:  6 memorised,  5 levels left

rFire  + . .     SeeInvis .     Q - +0 trident (curse)
rCold  . . .     Clarity  .     (armour unavailable)
rNeg   . . .     rCorr    .     (no shield)
rPois  +         rRot     .     (helmet restricted)
rElec  .         Spirit   .     N - +2 cloak (curse)
SustAb .         Warding  .     T - +1 pair of gloves {Str+3} (curse)
rMut   .         Stasis   .     (no boots)
Gourm  .                        (no amulet)
MR     .....                    B - cursed ring of wizardry
                                t - cursed ring of poison resistance

@: sluggish, about to teleport, very slow, not resistant to hostile
enchantments, unstealthy
A: breathe fire, unfitting armour, fire resistance 1, cold-blooded, AC +8
a: Breathe Fire, Renounce Religion


You were on level 6 of the Lair of Beasts.
You worshipped Ashenzari.
Ashenzari was pleased with you.
You were very hungry.

You visited 3 branches of the dungeon, and saw 17 of its levels.

You collected 1032 gold pieces.
You spent 318 gold pieces at shops.

Inventory:

Hand weapons
 Q - a cursed +0 trident (weapon)
Missiles
 b - 199 arrows
 j - 3 javelins of returning (quivered)
Armour
 N - a cursed +2 cloak (worn)
 T - a cursed +1 pair of gloves of strength (worn)
Magical devices
 f - a wand of disintegration (9)
 n - a wand of digging (12)
 A - a wand of heal wounds (6)
 G - a wand of disintegration (16)
 I - a wand of teleportation (0)
 W - a wand of invisibility (3)
 X - a wand of fireball (1)
Comestibles
 a - 5 bread rations
 c - 9 meat rations
 o - 3 rotting chunks of hippogriff flesh
 p - 30 fruits
 r - 3 slices of pizza
 D - 2 royal jellies
 E - a rotting chunk of blink frog flesh
Scrolls
 h - 3 scrolls of amnesia
 k - a scroll of enchant armour
 q - a scroll of recharging
 s - 2 scrolls of magic mapping
 w - 3 scrolls of teleportation
 y - a scroll of remove curse
 F - a scroll of fog
 J - a scroll of vulnerability {unknown}
 M - a scroll of enchant weapon
Jewellery
 i - an uncursed ring of see invisible
 t - a cursed ring of poison resistance (left hand)
 B - a cursed ring of wizardry (right hand)
 P - an uncursed ring of positive energy
Potions
 g - 4 potions of invisibility
 l - 3 potions of cure mutation
 m - a potion of haste
 u - a potion of restore abilities
 v - a potion of agility
 x - 2 potions of resistance
 z - a potion of berserk rage
 R - a potion of curing
 Z - a potion of heal wounds
Books
 d - a book of Changes

   Spells                             Type                      Level
   *Beastly Appendage                 Transmutation                1
   *Sticks to Snakes                  Transmutation                2
   *Spider Form                       Transmutation/Poison         3
   Ice Form                           Ice/Transmutation            4
   *Blade Hands                       Transmutation                5
 e - a book of the Sky

   Spells                             Type                      Level
   Flight                             Charms/Air                   3
   Airstrike                          Air                          4
   Silence                            Hexes/Air                    5
   Deflect Missiles                   Charms/Air                   6
   Conjure Ball Lightning             Conjuration/Air              6
   Tornado                            Air                          9
 C - a book of Fire

   Spells                             Type                      Level
   Ignite Poison                      Fire/Transmutation           5
   Fireball                           Conjuration/Fire             5
   Bolt of Fire                       Conjuration/Fire             6
   Delayed Fireball                   Conjuration/Fire             7
   Ring of Flames                     Charms/Fire                  7
 L - a book of Air

   Spells                             Type                      Level
   Shock                              Conjuration/Air              1
   *Swiftness                         Charms/Air                   2
   *Repel Missiles                    Charms/Air                   2
   Flight                             Charms/Air                   3
   Static Discharge                   Conjuration/Air              3
   Lightning Bolt                     Conjuration/Air              5


   Skills:
 - Level 7.2 Fighting
 - Level 2.2 Throwing
 - Level 6.1 Dodging
 - Level 16.2 Unarmed Combat
 + Level 4.2 Spellcasting
 - Level 3.9(5.2) Charms
 + Level 9.8(11.1) Transmutations
 - Level 3.7(5.1) Air Magic
 - Level 3.0(4.2) Poison Magic


You had 5 spell levels left.
You knew the following spells:

 Your Spells              Type           Power        Failure   Level  Hunger
a - Beastly Appendage     Trmt           #####.       1%          1    None
b - Sticks to Snakes      Trmt           #####.....   1%          2    ##.....
c - Spider Form           Trmt/Pois      ####......   1%          3    ###....
d - Repel Missiles        Chrm/Air       ###...       1%          2    ##.....
e - Swiftness             Chrm/Air       ###.....     1%          2    ##.....
f - Blade Hands           Trmt           #####.....   2%          5    #####..


Dungeon Overview and Level Annotations

Branches:
Dungeon (10/15)            Temple (1/1) D:6            Lair (6/8) D:10
 Shoals (0/5) Lair:4       Spider (0/5) Lair:6        Slime (0/6) Lair:6
    Orc: D:9-12

Altars:
Ashenzari
Cheibriados
Dithmenos
Elyvilon
Fedhas
Kikubaaqudgha
Makhleb
Nemelex Xobeh
Okawaru
Qazlal
Sif Muna
Trog
Vehumet
Xom
Yredelemnul
Zin
The Shining One
Jiyva

Shops:
D:4 }   D:7 *   D:9 [

Annotations:
D:7 Pikel
Lair:3 exclusion: oklob plant


Innate Abilities, Weirdness & Mutations

You can breathe blasts of fire.
Your fiery red scales are hard (AC +8).
Your body does not fit into most forms of armour.
Your flesh is heat resistant.
Your cold-blooded metabolism reacts poorly to cold.


Message History

Aim: a seven-headed hydra (severely wounded)
The seven-headed hydra easily resists.
The seven-headed hydra bites you! The seven-headed hydra bites you!
The seven-headed hydra bites you but does no damage.
The seven-headed hydra barely misses you.
The seven-headed hydra bites you but does no damage.
The seven-headed hydra bites you!
* * * LOW HITPOINT WARNING * * *
The seven-headed hydra closely misses you.
Read which item? (? for menu, Esc to quit)
As you read the scroll of teleportation, it crumbles to dust.
You feel strangely unstable.
The seven-headed hydra barely misses you.
The seven-headed hydra bites you.
* * * LOW HITPOINT WARNING * * *
The seven-headed hydra barely misses you.
The seven-headed hydra bites you!
* * * LOW HITPOINT WARNING * * *
The seven-headed hydra bites you!
You die...

#########....P# #..## #.
#.#.#...##...## #..# *##..
##..+_.>#####.# #..# ....
###..#J..####### ##.## #..#
##...#####...#.# ##...## #P..
#.P............# #P..#.### ###...
..............#####..P..P###.....
...........##...........##..#....
...........###..@D......##.......
.##........# ###.....(...(.......
###........# ###...............
.##........# #%.......#.P....
####.......# ##%.....P.###..##
#.####P## ##..P..#..## ##### ##
### ### #.#%.......# .######
###*####........#.# * #
...##.####.##.##.........##* #


You could see a seven-headed hydra.

Vanquished Creatures
  An orb spider (Lair:6)
  The ghost of HiobMontag the Covert, an experienced VSAs of Makhleb (D:6)
  A hill giant (D:10)
  3 griffons
  8 elephants
  Maurice (D:8)
  3 black mambas
  A centaur skeleton (D:10)
  9 spiny frogs
  2 fire drakes
  A two-headed ogre (D:7)
  5 komodo dragons
  A troll (D:10)
  A polar bear (Lair:5)
  Prince Ribbit (D:6)
  3 basilisks
  A snapping turtle (Lair:4)
  A human (D:6)
  14 blink frogs
  2 steam dragons (D:7)
  34 yaks
  6 wolves (Lair:6)
  7 hippogriffs
  Edmund (D:6)
  10 water moccasins
  12 porcupines
  5 ice beasts
  6 orc warriors
  4 sky beasts
  A black bear (D:8)
  A necrophage (D:8)
  A phantom (D:4)
  4 ogres
  2 big kobolds
  4 slaves
  4 centaurs
  A manticore skeleton (D:10)
  10 crocodiles
  17 giant frogs
  A brain worm (Lair:6)
  2 scorpions
  A troll zombie (D:10)
  A cyclops skeleton (D:8)
  3 wights (D:6)
  A goliath beetle (D:8)
  8 crimson imps
  A giant frog zombie (D:8)
  9 hounds
  6 iguanas
  A centaur zombie (D:7)
  A jelly (D:8)
  9 orc priests
  A black bear skeleton (D:5)
  13 orc wizards
  2 quasits
  2 worker ants
  A human zombie (D:8)
  An ogre zombie (D:7)
  12 sheep
  2 big kobold skeletons
  23 adders
  3 gnolls (D:6)
  51 green rats
  2 shadow imps
  A giant mite (D:5)
  5 worms
  An iguana zombie (D:5)
  An adder skeleton (D:8)
  4 giant geckos
  An ooze (D:1)
  35 orcs
  2 ball pythons
  13 bats
  A bat zombie (D:6)
  8 goblins
  17 hobgoblins
  30 kobolds
  13 quokkas
  6 giant cockroaches
  5 giant newts
  A giant spore (D:7)
  A goblin skeleton (D:6)
  A goblin zombie (D:6)
  11 jackals
  12 rats
  A rat skeleton (D:6)
  A ballistomycete (D:7)
518 creatures vanquished.

Vanquished Creatures (collateral kills)
  An orc priest (D:7)
  A rat (D:3)
2 creatures vanquished.

Vanquished Creatures (others)
  A fungus (Lair:5)
1 creature vanquished.

Grand Total: 521 creatures vanquished

Notes
Turn   | Place    | Note
--------------------------------------------------------------
     0 | D:1      | Greenblue, the Draconian Transmuter, began the quest for the Orb.
     0 | D:1      | Reached XP level 1. HP: 16/16 MP: 3/3
   372 | D:1      | Reached XP level 2. HP: 23/23 MP: 4/4
   439 | D:1      | Learned a level 2 spell: Sticks to Snakes
   618 | D:1      | Reached skill level 4 in Unarmed Combat
  1024 | D:1      | Reached XP level 3. HP: 24/28 MP: 6/6
  1822 | D:2      | Learned a level 3 spell: Spider Form
  1895 | D:2      | Reached XP level 4. HP: 28/35 MP: 7/7
  1953 | D:2      | Reached skill level 5 in Unarmed Combat
  2322 | D:3      | Reached skill level 1 in Poison Magic
  2553 | D:3      | Reached XP level 5. HP: 32/40 MP: 7/9
  3094 | D:3      | Reached skill level 1 in Throwing
  3239 | D:4      | Reached XP level 6. HP: 42/47 MP: 7/10
  3545 | D:4      | Found Phuboadgh's Gadget Emporium.
  3585 | D:4      | Noticed an ogre
  3596 | D:4      | Killed an ogre
  4032 | D:4      | Your scales start taking on a fiery red colour.
  4032 | D:4      | Gained mutation: Your flesh is heat resistant. [draconian maturity]
  4032 | D:4      | Reached XP level 7. HP: 48/52 MP: 12/12
  4038 | D:4      | Noticed a phantom
  4117 | D:4      | Killed a phantom
  4459 | D:4      | Found a sparkling altar of Nemelex Xobeh.
  4553 | D:4      | Reached skill level 6 in Unarmed Combat
  4670 | D:5      | Entered Level 5 of the Dungeon
  5426 | D:5      | Found a shadowy altar of Dithmenos.
  5454 | D:5      | Reached skill level 7 in Unarmed Combat
  5850 | D:5      | Reached XP level 8. HP: 43/59 MP: 13/13
  6779 | D:5      | Reached skill level 8 in Unarmed Combat
  6919 | D:6      | Found a staircase to the Ecumenical Temple.
  6923 | D:6      | Noticed HiobMontag's ghost (experienced VSAs)
  6950 | D:6      | Killed HiobMontag's ghost
  6950 | D:6      | Reached skill level 9 in Unarmed Combat
  7038 | D:6      | Noticed Edmund
  7054 | D:6      | Killed Edmund
  7154 | D:6      | Reached skill level 10 in Unarmed Combat
  7338 | D:6      | Found a basalt altar of Yredelemnul.
  7363 | D:6      | Reached XP level 9. HP: 48/64 MP: 14/14
  7831 | D:6      | Noticed Prince Ribbit
  7838 | D:6      | Killed Prince Ribbit
  7838 | D:6      | Reached skill level 11 in Unarmed Combat
  8328 | D:7      | Noticed Pikel
  8753 | D:7      | Reached skill level 5 in Dodging
  8892 | D:7      | Found Sajadata's Assorted Antiques.
  9081 | D:7      | Bought a scroll of identify for 36 gold pieces
  9081 | D:7      | Bought a scroll labeled SHERYH HEQIGE for 18 gold pieces
  9703 | D:7      | Learned a level 2 spell: Repel Missiles
  9706 | D:7      | Learned a level 2 spell: Swiftness
  9732 | D:7      | Reached skill level 1 in Air Magic
  9746 | D:7      | Reached skill level 1 in Charms
  9746 | D:7      | Reached XP level 10. HP: 45/71 MP: 16/16
 10069 | D:8      | Noticed Maurice
 10096 | D:8      | Killed Maurice
 10925 | D:8      | Reached skill level 12 in Unarmed Combat
 11984 | D:9      | Found Triujica's Armour Shoppe.
 11987 | D:9      | Bought a +1 pair of gloves of strength for 264 gold pieces
 12136 | D:10     | Entered Level 10 of the Dungeon
 12487 | D:10     | Reached skill level 5 in Transmutations
 13575 | D:10     | Reached XP level 11. HP: 55/79 MP: 17/18
 13890 | D:10     | Learned a level 5 spell: Blade Hands
 14134 | D:10     | Found a staircase to the Lair.
 14634 | D:10     | Reached skill level 5 in Fighting
 14957 | D:10     | Noticed a hill giant
 14964 | D:10     | Killed a hill giant
 14968 | D:10     | Found an iron altar of Okawaru.
 15249 | Temple   | Entered the Ecumenical Temple
 15311 | Temple   | Became a worshipper of Ashenzari the Shackled
 15697 | Lair:1   | Entered Level 1 of the Lair of Beasts
 16168 | Lair:1   | Noticed a seven-headed hydra
 16181 | Lair:1   | Noticed a five-headed hydra
 17092 | Lair:2   | Reached skill level 13 in Unarmed Combat
 17757 | Lair:2   | Reached XP level 12. HP: 90/100 MP: 20/20
 19631 | Lair:3   | Reached skill level 14 in Unarmed Combat
 21151 | Lair:3   | Noticed a five-headed hydra
 21796 | Lair:4   | Acquired Ashenzari's first power
 22296 | Lair:4   | Found a staircase to the Shoals.
 22352 | Lair:4   | Reached skill level 15 in Unarmed Combat
 22736 | Lair:5   | Noticed a four-headed hydra
 23624 | Lair:5   | Reached skill level 16 in Unarmed Combat
 23994 | Lair:5   | Reached XP level 13. HP: 77/105 MP: 16/21
 24102 | Lair:6   | HP: 5/105 [spiny frog (11)]
 24807 | Lair:6   | Found a viscous altar of Jiyva.
 24807 | Lair:6   | Noticed an acid blob
 24808 | Lair:6   | Found a staircase to the Slime Pits.
 24808 | Lair:6   | Noticed an acid blob
 24911 | Lair:6   | Gained mutation: Your body is slowly deteriorating. [potion of mutation]
 24911 | Lair:6   | Gained mutation: You are frail (-10% HP). [potion of mutation]
 24912 | Lair:6   | Lost mutation: Your body is slowly deteriorating. [potion of cure mutation]
 24912 | Lair:6   | Lost mutation: You are frail (-10% HP). [potion of cure mutation]
 25079 | Lair:6   | Found a hole to the Spider Nest.
 25495 | Lair:6   | Slain by a seven-headed hydra

Action                   |  1- 3 |  4- 6 |  7- 9 | 10-12 | 13-15 || total
-------------------------+-------+-------+-------+-------+-------++-------
Melee: Unarmed           |   143 |   260 |   488 |   777 |    95 ||  1763
       Trident           |       |       |       |   380 |    29 ||   409
Throw: Javelin           |       |     7 |     8 |    37 |    16 ||    68
 Cast: Beastly Appendage |     6 |    10 |     8 |     2 |       ||    26
       Sticks to Snakes  |       |    11 |    13 |       |       ||    24
       Spider Form       |       |     4 |     7 |     7 |     1 ||    19
       Swiftness         |       |       |       |     5 |     2 ||     7
       Repel Missiles    |       |       |       |     2 |       ||     2
       Blade Hands       |       |       |       |    43 |    15 ||    58
 Abil: Breathe Fire      |       |       |    13 |    29 |     5 ||    47
       End Transformatio |       |       |       |     4 |     2 ||     6
Evoke: Wand              |     1 |       |     2 |     6 |     6 ||    15
  Use: Scroll            |       |     6 |     5 |    22 |     5 ||    38
       Potion            |       |     1 |     5 |     1 |     8 ||    15
 Stab: Sleeping          |       |       |       |     2 |       ||     2
  Eat: Chunk             |     3 |     9 |    21 |    56 |     9 ||    98
       Beef jerky        |       |       |     1 |     6 |       ||     7
       Fruit             |       |       |       |     3 |       ||     3
